 Dungeon Crawl Stone Soup version 0.24.0-125-gc4c63601f3 (webtiles) character file.

Game seed: 2426988411838364053, levelgen mode: deterministic

190 Kaiern the Shooter (level 6, -7/39 HPs)
             Began as a Halfling Hunter on Mar 16, 2020.
             Mangled by a gnoll
             ... wielding a +0 spear
              (11 damage)
             ... on level 3 of the Dungeon.
             The game lasted 00:13:19 (2265 turns).

Kaiern the Shooter (Halfling Hunter)                Turns: 2265, Time: 00:13:20

Health: -7/39      AC:  3    Str: 15    XL:     6   Next: 1%
Magic:  6/6        EV: 15    Int:  9    God:
Gold:   135        SH:  0    Dex: 15    Spells: 5/5 levels left

rFire    . . .     SeeInvis .   a - +1 shortbow
rCold    . . .     Gourm    .   (shield currently unavailable)
rNeg     . . .     Faith    .   c - +0 leather armour
rPois    .         Spirit   .   (no helmet)
rElec    .         Reflect  .   (no cloak)
rCorr    .         Harm     .   (no gloves)
MR       .....                  (no boots)
Stlth    ++........             (no amulet)
HPRegen  0.13/turn              (no ring)
MPRegen  0.10/turn              (no ring)

@: no status effects
A: small, mutation resistance 1
a: no special abilities


You were on level 3 of the Dungeon.
You were hungry.

You visited 1 branch of the dungeon, and saw 3 of its levels.

You collected 135 gold pieces.

Inventory:

Hand Weapons
 a - a +1 shortbow (weapon)
 b - a +0 short sword
Missiles
 d - 72 arrows (quivered)
Armour
 c - a +0 leather armour (worn)
Scrolls
 e - a scroll of amnesia {unknown}
 h - a scroll of teleportation {unknown}
 j - a scroll of immolation {unknown}
 k - 2 scrolls of enchant armour {unknown}
 l - a scroll of magic mapping {unknown}
 p - a scroll of random uselessness {unknown}
 q - a scroll of identify {unknown}
Potions
 g - 2 potions of curing {unknown}
 i - a potion of mutation {unknown}
 m - a potion of might {unknown}
 n - a potion of heal wounds {unknown}
 o - a potion of cancellation {unknown}
Comestibles
 f - 2 rations


   Skills:
 + Level 2.2 Fighting
 + Level 1.2 Short Blades
 * Level 6.5 Bows
 + Level 2.0 Armour
 + Level 2.4 Dodging
 + Level 1.1 Stealth


You had 5 spell levels left.
You didn't know any spells.
Your spell library was empty.

Dungeon Overview and Level Annotations

Branches:
Dungeon (3/15)

Altars:
Dithmenos


Innate Abilities, Weirdness & Mutations

You are small and have problems with some larger weapons.
You are somewhat resistant to further mutation.


Message History

Press: ? - help, Shift-Dir - straight line, f/p - gnoll
Aim: a gnoll, wielding a +0 spear (heavily wounded)
You shoot an arrow. The arrow closely misses the gnoll.
The gnoll misses you.
Firing (i - inventory)
d - 75 arrows (quivered)
Press: ? - help, Shift-Dir - straight line, f/p - gnoll
Aim: a gnoll, wielding a +0 spear (heavily wounded)
You shoot an arrow. The arrow closely misses the gnoll.
The gnoll misses you.
Firing (i - inventory)
d - 74 arrows (quivered)
Press: ? - help, Shift-Dir - straight line, f/p - gnoll
Aim: a gnoll, wielding a +0 spear (heavily wounded)
You shoot an arrow. The arrow hits the gnoll.
The gnoll is almost dead.
The gnoll hits you from afar with a +0 spear.
* * * LOW HITPOINT WARNING * * *
Firing (i - inventory)
d - 73 arrows (quivered)
Press: ? - help, Shift-Dir - straight line, f/p - gnoll
Aim: a gnoll, wielding a +0 spear (almost dead)
You shoot an arrow. The arrow closely misses the gnoll.
The gnoll hits you from afar with a +0 spear!
You die...

# . ## . # #.###
######.#.#..
...$..(#.#.### ##
.........#... .#
########.#.######.#
#..(((.(..g.@.#
#.#..#......###
###.<<...####.#
#(.(........#?#
#.#.#..#.#.##.#
#.#.#..#.#....#
#.#.#..#.# ####
#.#.#..#..
###.#.######


You could see a gnoll.

Vanquished Creatures
  An orc priest (D:3)
  6 gnolls
  4 adders (D:2)
  2 worms (D:2)
  2 dart slugs
  2 leopard geckos (D:2)
  6 giant cockroaches
  5 goblins
  13 hobgoblins
  4 bats (D:1)
  2 frilled lizards (D:1)
  6 kobolds
  4 rats
57 creatures vanquished.

Notes
Turn   | Place    | Note
-------+----------+-------------------------------------------
     0 | D:1      | Kaiern the Halfling Hunter began the quest for the Orb.
     0 | D:1      | Reached XP level 1. HP: 14/14 MP: 1/1
   128 | D:1      | Reached XP level 2. HP: 19/19 MP: 2/2
   358 | D:1      | Reached skill level 5 in Bows
   424 | D:1      | Reached XP level 3. HP: 24/24 MP: 3/3
   539 | D:1      | Reached skill level 1 in Short Blades
   567 | D:1      | You fall into a shaft and drop 1 floor!
   588 | D:2      | Reached XP level 4. HP: 19/29 MP: 4/4
   925 | D:1      | Reached skill level 1 in Armour
  1201 | D:2      | Found a shadowy altar of Dithmenos.
  1288 | D:2      | Reached skill level 6 in Bows
  1288 | D:2      | Reached XP level 5. HP: 18/34 MP: 5/5
  2236 | D:3      | Reached XP level 6. HP: 10/39 MP: 6/6
  2265 | D:3      | Mangled by a gnoll

Levels and vault maps discovered:
D:1:      beargit_arrival_greenhouse, layout_rooms, solitary_fountain,
          grunt_decor_one_mirror
D:2:      minmay_wonky_spiral, layout_basic, nicolae_dithmenos_shadow_blocks
D:3:      layout_basic

Skill      XL: |  1  2  3  4  5 |
---------------+----------------+-----
Bows           | 5 6 |  6.5
Fighting       | 2 |  2.2
Short Blades   | 1 |  1.2
Armour         | 1 2 |  2.0
Dodging        | |  2.4
Stealth        | |  1.1

Action                   |  1- 3 |  4- 6 || total
-------------------------+-------+-------++-------
Melee: Short sword       |    61 |       ||    61
 Fire: Shortbow          |    34 |    90 ||   124
  Eat: Ration            |       |     1 ||     1
Armor: Leather armour    |    26 |     4 ||    30
Dodge: Dodged            |    48 |    24 ||    72
